 Dungeon Crawl Stone Soup version 0.30-a0-965-g42e074c17a (webtiles) character file.

Game seed: 4614082452582015395

266 xian the Digger (level 6, -10/41 HPs)
             Began as a Demonspawn Earth Elementalist on Mar 31, 2023.
             Mangled by Crazy Yiuf
             ... wielding a +2 quarterstaff of chaos
              (16 damage)
             ... on level 3 of the Dungeon.
             The game lasted 00:05:40 (2274 turns).

xian the Digger (Demonspawn Earth Elementalist)     Turns: 2274, Time: 00:05:41

Health: -10/41     AC:  5    Str:  8    XL:     6   Next: 0%
Magic:  17/20      EV: 11    Int: 18    God:
Gold:   54         SH:  0    Dex: 14    Spells: 6/12 levels left

rFire   . . .      SeeInvis .    p - +1 dagger (venom)
rCold   . . .      Faith    .    (no shield)
rNeg    . . .      Spirit   .    h - +0 leather armour
rPois   .          Reflect  .    (no helmet)
rElec   .          Rampage  .    (no cloak)
rCorr   .                        (no gloves)
Will    +....                    (no boots)
Stlth   ++                       (no amulet)
HPRegen 0.26/turn                j - ring of magical power
MPRegen 0.17/turn                n - ring of willpower

@: no status effects
A: thin metallic scales 1, demonic magic 1
a: no special abilities


You were on level 3 of the Dungeon.
You visited 1 branch of the dungeon, and saw 3 of its levels.

You collected 54 gold pieces.

Inventory:

Hand Weapons
 p - a +1 dagger of venom (weapon)
Armour
 e - a +0 chain mail
 h - a +0 leather armour (worn)
Jewellery
 j - a ring of magical power (left hand)
 n - a ring of willpower (right hand)
Scrolls
 c - 2 scrolls of silence {unknown}
 d - 4 scrolls of identify {unknown}
 g - 2 scrolls of enchant armour {unknown}
 k - a scroll of blinking {unknown}
 l - a scroll of fog {unknown}
 o - a scroll of brand weapon {unknown}
Potions
 a - 2 potions of flight {unknown}
 b - a potion of magic
 i - a potion of resistance {unknown}
 m - a potion of degeneration {unknown}


   Skills:
 + Level 0.1 Fighting
 + Level 0.3 Polearms
 * Level 0.7 Armour
 + Level 2.1 Dodging
 + Level 2.2 Stealth
 + Level 3.9 Spellcasting
 * Level 0.9 Conjurations
 + Level 0.8 Transmutations
 + Level 4.3 Earth Magic


You had 6 spell levels left.
You knew the following spells:

 Your Spells              Type           Power      Damage    Failure   Level
a - Sandblast             Erth           38%        2d10      3%          1
b - Passwall              Tmut/Erth      10%        N/A       11%         2
c - Stone Arrow           Conj/Erth      24%        3d8       22%         3

Your spell library contained the following spells:

 Spells                   Type           Power      Damage    Failure   Level
 Petrify                  Tmut/Erth      12%        N/A       56%         4


Dungeon Overview and Level Annotations

Branches:
Dungeon (3/15)

Altars:
Xom

Annotations:
D:3 Crazy Yiuf


Innate Abilities, Weirdness & Mutations

You are partially covered in thin metallic scales. (AC +2)
Spells you cast may paralyse adjacent enemies.


Message History

The giant cockroach bites you but does no damage.
The blast of sand hits the giant cockroach!
You kill the giant cockroach!
Malevolent energies surge around you.
You have reached level 6!
There is an open door here.
You open the door.
There is an open door here.
Found a stone staircase leading down.
Found a hammer.
Found a runed translucent door.
Crazy Yiuf shouts!
You open the door.
The blast of sand hits Crazy Yiuf.
Crazy Yiuf is lightly wounded.
Malevolent energies surge around you.
Crazy Yiuf hits you with a +2 quarterstaff of chaos! x2
Crazy Yiuf freezes you.
* * * LOW HITPOINT WARNING * * *
You are too injured to fight recklessly!
Unknown command.
Casting: Sandblast (safe; 3% risk of failure)
Confirm with . or Enter, or press ? or * to list all spells.
Aiming: Sandblast (safe; 3% risk of failure)
Press: ? - help, Shift-Dir - straight line, f/p - Crazy Yiuf
Aim: Crazy Yiuf, wielding a +2 quarterstaff of chaos and wearing a +0 cloak of willpower (lightly wounded, 84% to hit)
The blast of sand hits Crazy Yiuf.
Crazy Yiuf is heavily wounded.
Malevolent energies surge around you. Crazy Yiuf barely misses you.
Casting: Sandblast (safe; 3% risk of failure)
Confirm with . or Enter, or press ? or * to list all spells.
Aiming: Sandblast (safe; 3% risk of failure)
Press: ? - help, Shift-Dir - straight line, f/p - Crazy Yiuf
Aim: Crazy Yiuf, wielding a +2 quarterstaff of chaos and wearing a +0 cloak of willpower (heavily wounded, 84% to hit)
The blast of sand hits Crazy Yiuf!
Crazy Yiuf is severely wounded.
Malevolent energies surge around you. Crazy Yiuf closely misses you.
Crazy Yiuf hits you with a +2 quarterstaff of chaos.
* * * LOW HITPOINT WARNING * * *
You are electrocuted!
You die...

.#.....>.......#
.#.........#####
.#.........#
##.........#
#####
######.#####
#..)# #.# #...#
#.# ... #.#####
#g# #.....# ##@#
####.## #.## #.#
##.# #.# #.##
#.# ##.## #.#
#...## #.#
#....# #.#
#....#
#.####....#


You could see Crazy Yiuf.

Vanquished Creatures
  Sigmund (D:2)
  Natasha (D:3)
  Terence (D:3)
  An adder (D:2)
  2 dart slugs
  5 orcs (D:3)
  A ball python (D:3)
  2 endoplasms
  7 giant cockroaches
  2 goblins
  5 hobgoblins
  7 kobolds
  A quokka (D:1)
  4 bats
  2 frilled lizards (D:1)
  6 rats
48 creatures vanquished.

Notes
Turn   | Place    | Note
-------+----------+-------------------------------------------
     0 | D:1      | xian the Demonspawn Earth Elementalist began the quest for
                  | the Orb.
     0 | D:1      | Reached XP level 1. HP: 13/13 MP: 3/3
   169 | D:1      | Reached skill level 3 in Earth Magic
   340 | D:1      | Gained mutation: You are partially covered in thin metallic
                  | scales. (AC +2) [demonic ancestry]
   340 | D:1      | Reached XP level 2. HP: 19/19 MP: 3/5
   776 | D:1      | Learned a level 2 spell: Passwall
  1351 | D:2      | Found a shimmering altar of Xom.
  1392 | D:2      | Noticed Sigmund
  1509 | D:2      | Killed Sigmund
  1510 | D:2      | Reached skill level 4 in Earth Magic
  1510 | D:2      | Gained mutation: Spells you cast may paralyse adjacent
                  | enemies. [demonic ancestry]
  1510 | D:2      | Reached XP level 3. HP: 21/24 MP: 8/8
  1510 | D:2      | Reached XP level 4. HP: 26/30 MP: 9/9
  1510 | D:2      | Reached XP level 5. HP: 31/35 MP: 10/10
  1515 | D:2      | Learned a level 3 spell: Stone Arrow
  1645 | D:2      | You fall into a shaft and drop 1 floor!
  1770 | D:3      | Noticed Terence
  1787 | D:3      | Killed Terence
  1994 | D:3      | Found a faded altar of an unknown god.
  2084 | D:3      | Noticed Natasha
  2087 | D:3      | Killed Natasha
  2133 | D:3      | Reached XP level 6. HP: 41/41 MP: 11/11
  2267 | D:3      | Found a runed translucent door.
  2268 | D:3      | Noticed Crazy Yiuf
  2274 | D:3      | Mangled by Crazy Yiuf

Illustrated notes

Levels and vault maps discovered:
D:1:      sevenhm_arrival_forest_fort_small_5, layout_basic, kennysheep_boxes
D:2:      layout_basic, basic_altar, kennysheep_generic_room_4, uniq_sigmund
D:3:      layout_basic, dreamdust_divine_triumvirate, basic_ecumenical_altar,
          kennysheep_generic_room_11, uniq_terence, uniq_crazy_yiuf_cottage,
          uniq_natasha

Skill      XL: |  1  2 |
---------------+-------+-----
Dodging        | 2 |  2.1
Earth Magic    | 3 4 |  4.3
Stealth        | 2 |  2.2
Spellcasting   | 3 |  3.9
Fighting       | |  0.1
Polearms       | |  0.3
Armour         | |  0.7
Conjurations   | |  0.9
Transmutations | |  0.8

Action                     |  1- 3 |  4- 6 || total
---------------------------+-------+-------++-------
  Melee: Spear             |    13 |       ||    13
         Dagger            |       |     7 ||     7
   Cast: Sandblast         |    43 |    41 ||    84
   Stab: Paralysed         |       |     3 ||     3
         Sleeping          |       |     1 ||     1
 Armour: Robe              |     2 |       ||     2
         Leather armour    |     2 |     5 ||     7
  Dodge: Dodged            |    24 |    10 ||    34

Table legend: (Time is in decaauts)
 A = Elapsed time spent in this place.
 B = Non-inter-level travel time spent in this place.
 C = Inter-level travel time spent in this place.
 D = Time resting spent in this place.
 E = Time spent auto-exploring this place.
 F = Levels seen in this place.
 G = Mean time per level.
                   A        B        C        D        E       F      G
               +--------+--------+--------+--------+--------+-----+--------+
         Total |   2318 |   2285 |     33 |     68 |   1795 |   3 |  772.7 |
       Dungeon |   2318 |   2285 |     33 |     68 |   1795 |   3 |  772.7 |
               +--------+--------+--------+--------+--------+-----+--------+

Top non-repeatable levels by time:
     D:1: 1454 daAuts
     D:3: 645 daAuts
     D:2: 219 daAuts
